 Dungeon Crawl Stone Soup version 0.19-a0 (webtiles) character file.

2343 varam the Cleaver (level 9, 0/81 HPs)
             Began as a Minotaur Berserker on Apr 27, 2016.
             Was an Elder of Trog.
             Slain by a porcupine (9 damage)
             ... on level 7 of the Dungeon.
             The game lasted 00:15:20 (5733 turns).

varam the Cleaver (Minotaur Berserker)              Turns: 5733, Time: 00:15:22

Health: 0/81       AC: 10    Str: 24    XL:     9   Next: 20%
Magic:  8/8        EV: 14    Int:  6    God:    Trog [****..]
Gold:   203        SH:  8    Dex: 15    Spells: 0 memorised, 8 levels left

rFire  + . .     SeeInvis .     A - +2 war axe (venom)
rCold  . . .     Gourm    .     y - +0 ring mail
rNeg   . . .     Faith    .     a - +0 buckler
rPois  .         Spirit   .     C - +0 hat "Meus" {Int+2}
rElec  .         Dismiss  .     v - +0 cloak
rCorr  .         Reflect  +     (no gloves)
SustAt .         Harm     .     x - +1 pair of boots
MR     .....                    l - +5 amulet of reflection
Stlth  +.........               b - ring of protection from fire
                                p - +4 ring of dexterity

@: exhausted, slowed, very slow, not resistant to hostile enchantments, very
unstealthy
A: retaliatory headbutt, horns 2
a: Berserk, Trog's Hand, Brothers in Arms, Burn Spellbooks, Renounce Religion


You were on level 7 of the Dungeon.
You worshipped Trog.
Trog was greatly pleased with you.
You were hungry.

You visited 1 branch of the dungeon, and saw 8 of its levels.

You collected 318 gold pieces.
You spent 115 gold pieces at shops.

Inventory:

Hand Weapons
 A - a +2 war axe of venom (weapon)
Armour
 a - a +0 buckler (worn)
 v - a +0 cloak (worn)
 x - a +1 pair of boots (worn)
 y - a +0 ring mail (worn)
 C - the +0 hat "Meus" (worn) {Int+2}
   (You found it on level 5 of the Dungeon)

   It affects your intelligence (+2).
Jewellery
 b - a ring of protection from fire (right hand)
 l - a +5 amulet of reflection (around neck)
 p - a +4 ring of dexterity (left hand)
Wands
 E - a wand of teleportation (1/9)
 G - a wand of heal wounds (2/9)
Scrolls
 d - 2 scrolls of remove curse
 e - 5 scrolls of immolation
 f - a scroll of identify
 o - a scroll of fog
 r - a scroll of blinking
 w - 3 scrolls of teleportation
 B - 2 scrolls of amnesia
 D - a scroll of enchant weapon
 H - a scroll of recharging
 J - a scroll of enchant armour {unknown}
Potions
 h - 2 potions of lignification {unknown}
 i - a potion of degeneration {unknown}
 k - 2 potions of flight
 m - 3 potions of curing
 n - 3 potions of brilliance
 s - 2 potions of mutation {unknown}
 t - a potion of cure mutation {unknown}
 u - a potion of might {unknown}
Comestibles
 c - 7 bread rations
 g - a royal jelly
 j - 4 slices of pizza
 q - 3 beef jerkies
 z - 18 fruits
 F - a chunk of flesh
 I - a meat ration


   Skills:
 + Level 8.1 Fighting
 + Level 8.2 Axes
 + Level 7.8 Armour
 + Level 7.1 Dodging


You had 8 spell levels left.
You didn't know any spells.

Dungeon Overview and Level Annotations

Branches:
Dungeon (8/15)             Temple (0/1) D:5
   Lair: D:8-11

Altars:
Ashenzari
Dithmenos
Elyvilon
Fedhas
Gozag
Kikubaaqudgha
Okawaru
Ru
Sif Muna
Trog
Vehumet
Yredelemnul
The Shining One

Shops:
D:5 }   D:7 **

Annotations:
D:4 exclusion: statue


Innate Abilities, Weirdness & Mutations

You reflexively headbutt those who attack you in melee.
You have a pair of horns on your head.


Message History

Trog accepts your kill.
You are no longer berserk.
You are exhausted.
You feel yourself slow down.
You are feeling hungry.
You block the crocodile's attack. You block the porcupine's attack.
The orc misses you. The sheep bites you. The porcupine bites you!
The crocodile bites you!
* * * LOW HITPOINT WARNING * * *
The orc hits you from afar with a trident.
* * * LOW HITPOINT WARNING * * *
You block the sheep's attack. The porcupine bites you.
* * * LOW HITPOINT WARNING * * *
You climb upwards.
There is a stone staircase leading down here.
You block the porcupine's attack. You block the sheep's attack.
The sheep barely misses you. The crocodile bites you!
* * * LOW HITPOINT WARNING * * *
The porcupine bites you!
You die...

.(.# ...# ########## ...#
#........# ##### ...# #....YtY.#
#...# ...##### #....r...# ##..##
...#...# #.....@..###...#
...#...# #........##...##
...#...# #......[.##..## ..##.###
#............# #.##.##
#.........#.## ......#
####........###########
......#########.#..#####.........
............###....#####.........
.................................


You could see a crocodile, a porcupine and 2 sheep.

Vanquished Creatures
  A basilisk (D:8)
  A porcupine (D:8)
  2 ice beasts
  2 ogres (D:5)
  A wasp (D:8)
  A black bear (D:6)
  2 phantoms
  A big kobold (D:8)
  3 giant frogs
  A crocodile (D:8)
  2 scorpions
  4 howler monkeys (D:4)
  3 crimson imps
  An orc priest (D:3)
  4 orc wizards
  6 worker ants
  2 sheep (D:8)
  A hound skeleton (D:6)
  Robin (D:2)
  11 adders
  2 river rats (D:8)
  4 oozes
  3 worms (D:2)
  7 dart slugs
  9 giant geckos
  18 orcs
  3 bats
  5 giant cockroaches
  16 goblins
  12 hobgoblins
  4 jackals
  18 kobolds
  2 quokkas
  2 ball pythons (D:6)
  4 giant newts
  A jackal skeleton (D:4)
  7 rats
167 creatures vanquished.

Vanquished Creatures (others)
  A centaur (D:7)
  A fungus (D:8)
2 creatures vanquished.

Grand Total: 169 creatures vanquished

Notes
Turn   | Place    | Note
--------------------------------------------------------------
     0 | D:1      | varam the Minotaur Berserker began the quest for the Orb.
     0 | D:1      | Reached XP level 1. HP: 19/19 MP: 0/0
   227 | D:1      | Reached XP level 2. HP: 26/27 MP: 1/1
   541 | D:1      | Reached XP level 3. HP: 28/33 MP: 2/2
  1013 | D:2      | Reached XP level 4. HP: 37/41 MP: 3/3
  1022 | D:2      | Reached ** piety under Trog
  1120 | D:2      | Found a shattered altar of Ashenzari.
  1619 | D:2      | Noticed Robin
  1634 | D:2      | Reached XP level 5. HP: 46/47 MP: 4/4
  1637 | D:2      | Killed Robin
  1645 | D:2      | Reached *** piety under Trog
  1864 | D:2      | Found a glowing golden altar of the Shining One.
  1880 | D:2      | Found an iron altar of Okawaru.
  1971 | D:3      | Found a bloodstained altar of Trog.
  2032 | D:3      | Found an opulent altar of Gozag.
  2433 | D:3      | Reached skill level 5 in Axes
  2763 | D:3      | Reached XP level 6. HP: 55/55 MP: 5/5
  2826 | D:4      | Reached skill level 5 in Fighting
  3275 | D:4      | Reached XP level 7. HP: 42/61 MP: 6/6
  3468 | D:4      | Found a radiant altar of Vehumet.
  3539 | D:4      | Reached **** piety under Trog
  3544 | D:4      | Reached skill level 5 in Armour
  3813 | D:5      | Entered Level 5 of the Dungeon
  3961 | D:5      | Found a sacrificial altar of Ru.
  3982 | D:5      | Found a staircase to the Ecumenical Temple.
  4012 | D:5      | Reached skill level 5 in Dodging
  4151 | D:5      | Found a blossoming altar of Fedhas.
  4151 | D:5      | Found an ancient bone altar of Kikubaaqudgha.
  4195 | D:5      | Found a shadowy altar of Dithmenos.
  4203 | D:5      | Got a scorched hat
  4209 | D:5      | Identified the cursed +0 hat "Meus" {Int+2} (You found it on level 5 of the Dungeon)
  4599 | D:5      | Found Ydots's Gadget Boutique.
  4691 | D:6      | Found a basalt altar of Yredelemnul.
  4733 | D:6      | Reached XP level 8. HP: 71/71 MP: 7/7
  4921 | D:6      | Found a white marble altar of Elyvilon.
  5375 | D:7      | Found Xausiytt's Assorted Antiques.
  5384 | D:7      | Bought a tubular moonstone ring for 115 gold pieces
  5612 | D:7      | Found a sacrificial altar of Ru.
  5616 | D:7      | Found a deep blue altar of Sif Muna.
  5681 | D:7      | Found Voruse's Assorted Antiques.
  5713 | D:8      | Reached XP level 9. HP: 81/81 MP: 8/8
  5733 | D:7      | Slain by a porcupine

Vault maps used:
D:1:      lightli_arrival_isolated_outpost
D:2:      kennysheep_six_static_rooms, lemuel_doored_altar,
          amethyst_overflow_temple_binary, first_bread, uniq_robin
D:3:      old_standard_altar, overflow_temple_1_default
D:4:      vehumet_statue, hangedman_decor_lopped, roderic_lattice_a
D:5:      grunt_temple_overflow_growth_and_decay, minmay_temple_entry_grid,
          basic_altar, serial_shops, nicolae_shop_behind_doors,
          nicolae_dithmenos_shadow_blocks
D:6:      kennysheep_little_box, basic_altar, minmay_misc_feat_five
D:7:      grunt_temple_overflow_open, serial_shops, nicolae_shop_behind_doors,
          shop
D:8:      makhleb_blood_cavern_becter, old_standard_altar,
          minmay_lair_entry_grove, basic_altar

Skill      XL: |  1  2  3  4  5  6  7  8  9 |
---------------+----------------------------+-----
Fighting       | 4 5 6 7 8 |  8.1
Dodging        | 3 4 5 6 7 |  7.1
Armour         | 3 4 6 7 |  7.8
Axes           | 4 5 6 7 8 |  8.2

Action                   |  1- 3 |  4- 6 |  7- 9 || total
-------------------------+-------+-------+-------++-------
Melee: Hand axe          |    59 |   169 |    10 ||   238
       Headbutt          |    10 |    27 |    22 ||    59
       War axe           |       |       |   102 ||   102
Invok: Berserk           |       |     3 |     1 ||     4
       Burn Spellbooks   |       |       |     1 ||     1
  Use: Scroll            |       |       |    12 ||    12
 Stab: Sleeping          |     1 |     2 |       ||     3
  Eat: Chunk             |       |    11 |     7 ||    18
       Fruit             |       |       |     1 ||     1
Armor: Animal skin       |     5 |    16 |     1 ||    22
       Ring mail         |       |       |    52 ||    52
Dodge: Dodged            |    33 |   109 |    67 ||   209
Block: Other             |    12 |    30 |     2 ||    44
       Reflection        |     2 |     2 |     2 ||     6
       Buckler           |       |       |    51 ||    51
